 Dungeon Crawl Stone Soup version 0.29.1-15-g9cfb28693d (webtiles) character file.

Game seed: 2478386540245281812

423 adizb the Carver (level 6, -3/35 HPs)
             Began as a Tengu Gladiator on Apr 18, 2023.
             Was an Initiate of Wu Jian.
             Slain by a gnoll
             ... wielding a +0 spear
             ... led by a gnoll bouda
              (4 damage)
             ... on level 4 of the Dungeon.
             The game lasted 00:16:59 (3171 turns).

adizb the Carver (Tengu Gladiator)                  Turns: 3171, Time: 00:17:00

Health: -3/35      AC:  3    Str: 15    XL:     6   Next: 95%
Magic:  7/7        EV: 15    Int:  8    God:    Wu Jian [......]
Gold:   184        SH:  0    Dex: 17    Spells: 5/5 levels left

rFire   . . .      SeeInvis +   a - +0 long sword
rCold   . . .      Faith    .   (no shield)
rNeg    . . .      Spirit   .   q - +0 leather armour {rPois}
rPois   +          Reflect  .   c - +0 hat
rElec   .          Harm     .   (no cloak)
rCorr   .          Rampage  .   (no gloves)
Will    +....                   (boots unavailable)
Stlth   +.........              (no amulet)
HPRegen 0.11/turn               j - ring of willpower
MPRegen 0.10/turn               k - ring of see invisible

@: weakened, flying quickly and evasively, quick
A: beak, talons 3, nimble flight
a: Renounce Religion


You were on level 4 of the Dungeon.
You worshipped Wu Jian.
Wu Jian was noncommittal.
You visited 1 branch of the dungeon, and saw 4 of its levels.

You collected 184 gold pieces.

Inventory:

Hand Weapons
 a - a +0 long sword (weapon)
Missiles
 d - 2 throwing nets
 e - a javelin
Armour
 b - a +0 leather armour
 c - a +0 hat (worn)
 o - a +0 buckler
 q - a +0 leather armour of poison resistance (worn)
Jewellery
 j - a ring of willpower (left hand)
 k - a ring of see invisible (right hand)
Wands
 r - a wand of paralysis (7) (quivered)
Scrolls
 h - a scroll of vulnerability {unknown}
 n - 2 scrolls of noise
 p - 3 scrolls of enchant armour
Potions
 f - a potion of attraction {unknown}
 g - 3 potions of flight
 i - 2 potions of mutation {unknown}
 l - a potion of brilliance {unknown}


   Skills:
 + Level 2.0 Fighting
 * Level 8.2 Long Blades
 - Level 2.0 Throwing
 + Level 0.4 Armour
 + Level 3.3 Dodging
 + Level 0.2 Stealth


You had 5 spell levels left.
You didn't know any spells.
Your spell library contained the following spells:

 Spells                   Type           Power      Damage    Failure   Level
 Apportation              Tloc           0%         N/A       47%         1
 Necrotise                Necr           0%         1d4       47%         1
 Summon Small Mammal      Summ           0%         N/A       47%         1
 Ignite Poison            Fire/Tmut/Pois 0%         N/A       85%         3
 Mephitic Cloud           Conj/Pois/Air  0%         N/A       85%         3
 Tukima's Dance           Hex            0%         N/A       85%         3
 Passage of Golubria      Tloc           0%         N/A       99%         4
 Freezing Cloud           Conj/Ice/Air   0%         6-21      100%        5
 Yara's Violent Unravell  Hex/Tmut       0%         3d3       100%        5


Dungeon Overview and Level Annotations

Branches:
Dungeon (4/15)
 Temple: D:4-7

Altars:
Hepliaklqana
Vehumet
Wu Jian
Zin

Shops:
D:1 *   D:2 ?[[?(   D:3 *


Innate Abilities, Weirdness & Mutations

You have a beak for a mouth.
You have claws for feet.
Your magical nature lets you fly swiftly and evasively.


Message History

The gnoll bouda hits you with a +0 whip.
You completely miss the gnoll bouda.
You claw the gnoll bouda, but do no damage.
The gnoll bouda is lightly wounded.
The gnoll bouda hits you with a +0 whip!
* * * LOW HITPOINT WARNING * * *
Okay, then.
Throw: 3 throwing nets
Press: ? - help, Q - select action, (/) - cycle Shift-Dir - straight line, f - gnoll bouda
Aim: a gnoll bouda, wielding a +0 whip and wearing a +0 leather armour (lightly wounded, 65% to hit)
You throw a throwing net.
The throwing net barely misses the gnoll bouda.
The throwing net hits the gnoll.
The gnoll is caught in the net!
The gnoll struggles against the net.
The gnoll bouda closely misses you.
The gnoll struggles against the net.
The gnoll struggles against the net.
You hit the gnoll bouda.
You peck the gnoll bouda, but do no damage.
The gnoll bouda is moderately wounded.
The gnoll struggles against the net.
The gnoll bouda closely misses you.
You slash the gnoll bouda!
The gnoll bouda is severely wounded.
The gnoll struggles against the net.
The gnoll bouda hits you with a +0 whip!
* * * LOW HITPOINT WARNING * * *
The gnoll struggles against the net.
You barely miss the gnoll bouda.
The gnoll bouda is severely wounded.
The gnoll struggles against the net.
The net rips apart, and the gnoll comes free!
The gnoll bouda closely misses you.
Okay, then.
Okay, then.
Aiming: Paralyse
Press: ? - help, Q - select action, (/) - cycle Shift-Dir - straight line, f/p - gnoll bouda
Aim: a gnoll bouda, wielding a +0 whip and wearing a +0 leather armour (severely wounded, chance to affect: 49%)
The gnoll bouda resists with some effort.
The gnoll bouda closely misses you.
The gnoll hits you from afar with a +0 spear.
You die...

.# ##...<.... .#
##......... .##
#.......... ..##
##.......... ...##
##..)........ ....##
#............ .....##
###............
......##
########...###.......#
.##....#####[ggg@.....#
#########
####.........######.^.#
##........>## ##..##
##...........# ##..#
#### .>....†........#
##.#####...##
..............>.#
#.##........
................#
###..........#
................#
#............#
.[..............#
#............#


You could see a gnoll bouda and 2 gnolls.

Vanquished Creatures
  A phantom (D:4)
  A hound (D:4)
  An orc priest (D:3)
  Terence (D:2)
  An orc wizard (D:3)
  3 iguanas
  3 adders
  5 gnolls
  2 white imps (D:4)
  A worm (D:2)
  2 dart slugs
  4 orcs (D:3)
  8 bats
  6 endoplasms
  4 goblins
  4 hobgoblins
  3 jackals (D:2)
  2 quokkas
  10 ball pythons
  3 frilled lizards
  8 kobolds
  3 rats
76 creatures vanquished.

Notes
Turn   | Place    | Note
-------+----------+-------------------------------------------
     0 | D:1      | adizb the Tengu Gladiator began the quest for the Orb.
     0 | D:1      | Reached XP level 1. HP: 12/12 MP: 2/2
   167 | D:1      | Reached XP level 2. HP: 12/17 MP: 3/3
   209 | D:1      | Reached skill level 4 in Long Blades
   215 | D:1      | Found Vuuczare's General Store.
   448 | D:2      | Found a hazy altar of Hepliaklqana.
   477 | D:2      | Reached XP level 3. HP: 16/21 MP: 4/4
   485 | D:2      | Found Line's Antique Armour Boutique.
   491 | D:2      | You fall into a shaft and drop 1 floor!
   536 | D:3      | HP: 1/21 [iguana (14)]
   541 | D:2      | Reached skill level 5 in Long Blades
   562 | D:2      | Found Miserudgh's Magic Scroll Shoppe.
   653 | D:2      | Reached XP level 4. HP: 26/26 MP: 5/5
   890 | D:2      | Noticed Terence
   895 | D:2      | Killed Terence
   897 | D:2      | Found Ohecuq's Magic Scroll Shop.
   964 | D:2      | Found Xaonoi Korgh's Antique Armour Shop.
  1165 | D:2      | Found Hoyti's Antique Weapon Emporium.
  1231 | D:3      | Reached skill level 6 in Long Blades
  1256 | D:3      | Gained mutation: Your magical nature lets you fly swiftly
                  | and evasively. [Tengu growth]
  1256 | D:3      | Reached XP level 5. HP: 24/30 MP: 6/6
  1259 | D:3      | Found Zin's Purification Station.
  1283 | D:3      | Found a glowing silver altar of Zin.
  1393 | D:3      | Found an ornate altar of the Wu Jian Council.
  1398 | D:3      | Became a worshipper of the Wu Jian Council
  1587 | D:3      | Found a radiant altar of Vehumet.
  1771 | D:3      | Reached skill level 7 in Long Blades
  2329 | D:4      | Reached XP level 6. HP: 35/35 MP: 7/7
  2776 | D:4      | Reached skill level 8 in Long Blades
  3110 | D:4      | Noticed an orc warrior
  3169 | D:4      | HP: 1/35 [gnoll bouda/+0 whip (9)]
  3171 | D:4      | Slain by a gnoll

Illustrated notes

Levels and vault maps discovered:
D:1:      matt_arrival_diagonals, layout_rooms, serial_shops, shop
D:2:      layout_basic, serial_shops, nicolae_shop_competitors_out_of_business,
          shop, shop, nicolae_shop_behind_doors,
          nicolae_shop_temple_entry_statues_fountains,
          chequers_ecumenical_altar_twisty, basic_altar, uniq_terence
D:3:      layout_basic, fiery_altar_vehumet, zin_purify, general_overflow_altar
D:4:      layout_cave_pods

Skill      XL: |  1  2  3  4  5  6 |
---------------+-------------------+-----
Long Blades    | 4 5 6 7 8 |  8.2
Fighting       | |  2.0
Throwing       | |  2.0
Armour         | |  0.4
Dodging        | |  3.3
Stealth        | |  0.2

Action                   |  1- 3 |  4- 6 || total
-------------------------+-------+-------++-------
Melee: Long sword        |    55 |   127 ||   182
       Kick              |    13 |    34 ||    47
       Punch             |     2 |     2 ||     4
       Peck              |     5 |    16 ||    21
Throw: Throwing net      |       |     1 ||     1
Invok: Lunge             |       |    13 ||    13
Evoke: Wand              |       |     1 ||     1
  Use: Scroll            |     2 |     6 ||     8
       Potion            |     1 |     2 ||     3
 Stab: Sleeping          |       |     2 ||     2
Armor: Leather armour    |    15 |     5 ||    20
       Ring mail         |       |     9 ||     9
Dodge: Dodged            |    26 |    66 ||    92
